 Dungeon Crawl Stone Soup version 0.24-a0-434-gd57e52fea8 (webtiles) character file.

Game seed: 1009769300917503905

15757 ivs the Bludgeoner (level 12, -4/95 HPs)
             Began as a Minotaur Gladiator on June 16, 2019.
             Was a Priest of Hepliaklqana.
             Hit by a large rock thrown by a cyclops (31 damage)
             ... on level 2 of the Orcish Mines.
             The game lasted 01:12:08 (5009 turns).

ivs the Bludgeoner (Minotaur Gladiator)             Turns: 5009, Time: 01:12:09

Health: -4/95      AC: 19    Str: 19 (21) XL:     12   Next: 4%
Magic:  0/24       EV: 11    Int:  5      God:    Hepliaklqana [***...]
Gold:   207        SH:  0    Dex: 14 (15) Spells: 11/11 levels left

rFire    . . .     SeeInvis .   a - +0 dire flail (vamp)
rCold    + . .     Gourm    .   (shield currently unavailable)
rNeg     . . .     Faith    .   y - +3 chain mail {MR+}
rPois    +         Spirit   +   J - +0 hat
rElec    .         Reflect  .   P - +1 cloak {rPois}
rCorr    .         Harm     .   x - +0 pair of gloves
MR       ++...                  (no boots)
Stlth    ..........             G - amulet of guardian spirit
HPRegen  0.25/turn              e - ring of protection from magic
MPRegen  0.19/turn              m - ring of magical power

@: no status effects
A: retaliatory headbutt, reduced essence, horns 2, molten scales 1, cold
resistance 1
a: Recall Ancestor, Ancestor Identity, Transference, Renounce Religion


You were on level 2 of the Orcish Mines.
You worshipped Hepliaklqana.
Hepliaklqana was most pleased with you.
You were not hungry.

You visited 3 branches of the dungeon, and saw 16 of its levels.
You also visited: Gauntlet.

You collected 593 gold pieces.
You spent 386 gold pieces at shops.

Inventory:

Hand Weapons
 a - a +0 vampiric dire flail (weapon)
 b - the +3 quarterstaff of Mufex {elec, rPois Str+2 Int+4}
   (You found it on level 8 of the Dungeon)

   Occasionally, upon striking a foe, it will discharge some electrical energy
   and cause terrible harm.
   It affects your strength (+2).
   It affects your intelligence (+4).
   It protects you from poison.
 h - the +5 hand crossbow of Domination {freeze, rElec rC- Str+2 Stlth+}
   (You found it on level 12 of the Dungeon)

   It causes projectiles fired from it to freeze those they strike, causing
   extra injury to most foes and up to half again as much damage against
   particularly susceptible opponents.
   They can also slow down cold-blooded creatures.
   It affects your strength (+2).
   It makes you vulnerable to cold.
   It insulates you from electricity.
   It makes you more stealthy.
Missiles
 i - 4 atropa-tipped darts
 r - a throwing net
 u - 19 javelins (quivered)
 z - 18 poisoned darts
Armour
 s - a +0 chain mail of cold resistance
 x - a +0 pair of gloves (worn)
 y - a +3 chain mail of magic resistance (worn)
 E - a +2 ring mail of fire resistance
 J - a +0 hat (worn)
 P - a +1 cloak of poison resistance (worn)
Magical Staves
 Q - an uncursed staff of power {unknown}
 R - an uncursed staff of energy {unknown}
Jewellery
 e - a ring of protection from magic (left hand)
 m - a ring of magical power (right hand)
 G - an amulet of guardian spirit (around neck)
 L - an uncursed ring of resist corrosion
Wands
 d - a wand of enslavement (8)
 n - a wand of random effects (30)
 B - a wand of acid (11)
 C - a wand of paralysis (16)
 H - a wand of flame (31)
 N - a wand of iceblast (38)
Scrolls
 f - 3 scrolls of blinking {unknown}
 g - a scroll of enchant weapon {unknown}
 j - a scroll of random uselessness {unknown}
 k - 3 scrolls of teleportation
 t - 4 scrolls of remove curse
 v - a scroll of summoning
 I - a scroll of fog {unknown}
 K - 2 scrolls of noise {unknown}
 O - 4 scrolls of enchant armour {unknown}
Potions
 c - a potion of magic
 l - a potion of agility {unknown}
 o - a potion of lignification
 p - 2 potions of resistance
 q - 2 potions of flight
 w - a potion of brilliance
 A - 2 potions of heal wounds
 D - 2 potions of curing
 M - a potion of might
Miscellaneous
 S - a lightning rod (2/4)
 T - a sack of spiders
Comestibles
 F - 11 rations
 U - 2 chunks of flesh


   Skills:
 + Level 10.3 Fighting
 - Level 15.3(15.5) Maces & Flails
 - Level 4.0(11.0) Staves
 - Level 3.4 Throwing
 + Level 7.7 Armour
 + Level 7.4 Dodging
 - Level 6.0 Evocations


You had 11 spell levels left.
You didn't know any spells.
Your spell library contained the following spells:

 Spells                   Type           Power        Failure   Level  Hunger
 Animate Skeleton         Necr           N/A          99%         1    ##.....
 Apportation              Tloc           #.....       99%         1    ##.....
 Confusing Touch          Hex            #.....       99%         1    ##.....
 Corona                   Hex            #......      99%         1    ##.....
 Flame Tongue             Conj/Fire      #....        99%         1    ##.....
 Pain                     Necr           #...         99%         1    ##.....
 Summon Small Mammal      Summ           #...         99%         1    ##.....
 Ensorcelled Hibernation  Hex/Ice        #.....       100%        2    ###....
 Throw Flame              Conj/Fire      #.....       100%        2    ###....
 Confuse                  Hex            #.......     100%        3    ####...
 Conjure Flame            Conj/Fire      #.......     100%        3    ####...
 Dazzling Spray           Conj/Hex       #.....       100%        3    ####...
 Inner Flame              Hex/Fire       #.......     100%        3    ####...
 Regeneration             Chrm/Necr      #.........   100%        3    ####...
 Tukima's Dance           Hex            #.......     100%        3    ####...
 Vampiric Draining        Necr           #.........   100%        3    ####...
 Animate Dead             Necr           N/A          100%        4    #####..
 Sticky Flame             Conj/Fire      #.......     100%        4    #####..
 Summon Lightning Spire   Summ/Air       #.......     100%        4    #####..
 Fireball                 Conj/Fire      #.........   100%        5    ######.
 Silence                  Hex/Air        #.........   100%        5    ######.
 Conjure Ball Lightning   Conj/Air       #.........   100%        6    #######
 Deflect Missiles         Chrm/Air       #.........   100%        6    #######
 Tornado                  Air            #.........   100%        9    #######


Dungeon Overview and Level Annotations

Branches:
Dungeon (13/15)            Temple (1/1) D:4             Orc (2/2) D:10
   Lair: D:8-11         Elf: Orc:2       Vaults: D:13-14

Altars:
Ashenzari
Elyvilon
Hepliaklqana
Kikubaaqudgha
Makhleb
Okawaru
Ru
Uskayaw
Xom
Yredelemnul
Zin
The Shining One
Beogh

Shops:
D:8 =   D:10 ?   D:12 }   Orc:1 (

Annotations:
D:4 Menkaure


Innate Abilities, Weirdness & Mutations

You reflexively headbutt those who attack you in melee.
You have a pair of horns on your head.
Your life essence is reduced to manifest your ancestor. (-10% HP)
You are partially covered in molten scales. (AC +2)
Your flesh is cold resistant. (rC+)


Message History

You see here a large rock.
The stone giant throws a large rock.
The large rock hits you!!
Ancestor HP restored.
You climb downwards.
There is a stone staircase leading up here.
Unknown command.
You now have 207 gold pieces (gained 20).
Imgur-Sin is recalled.
Found a roughly hewn altar of Beogh.
A cyclops comes into view.
The cyclops shouts!
The cyclops throws a large rock.
The large rock barely misses you.
The cyclops throws a large rock.
The large rock hits you!!
* * * LOW HITPOINT WARNING * * *
You see here a large rock.
An orc wizard comes into view. It is wielding a +0 dagger.
The orc wizard shouts!
You hear a shout!
You swap places.
You swap places.
The cyclops throws a large rock.
The large rock hits you!!!
You die...

.... .#.# .... ....
....... #.....##
##......## #..o#....#
###..#..C#
##....@#..##
.##.....R....#
......_.....##
.........(...#
.............## #
#.......#.....# #
.#........####..##
####..........#.#...#
#................#.##


You could see the friendly Imgur-Sin the battlemage, a cyclops and an orc
wizard.

Vanquished Creatures
  A minotaur (Gauntlet)
  Harold (D:7)
  A hydra (D:12)
  A two-headed ogre (D:11)
  A death scarab (Gauntlet)
  An ugly thing (D:11)
  A cyclops (Orc:1)
  A moth of wrath (Gauntlet)
  An apocalypse crab (Gauntlet)
  A gargoyle (D:12)
  Psyche (D:8)
  3 trolls
  2 hornets (D:11)
  Prince Ribbit (D:6)
  A shadow (D:12)
  Sigmund (D:6)
  4 yaks (D:11)
  A wyvern (D:10)
  A steam dragon (D:9)
  Edmund (D:4)
  A water moccasin (D:7)
  An eye of draining (D:11)
  5 orc warriors
  A sky beast (D:2)
  2 ice beasts
  4 phantoms
  A necrophage (D:9)
  4 wolves (Gauntlet)
  8 ogres
  2 bullfrogs
  A gnoll sergeant (D:9)
  5 scorpions
  7 wights
  11 killer bees
  2 howler monkeys
  5 crimson imps
  A quasit (D:8)
  6 hounds
  A jelly (D:8)
  5 orc priests
  2 bullfrog skeletons
  4 orc wizards
  An iguana (D:8)
  6 worker ants
  A howler monkey zombie (D:5)
  3 gnolls (D:9)
  8 adders
  8 shadow imps
  2 oozes
  An adder zombie (D:6)
  A worm (D:5)
  A dart slug (D:1)
  2 leopard geckos
  27 orcs
  A ball python (D:1)
  2 giant cockroaches
  A goblin (D:1)
  2 hobgoblins (D:1)
  7 jackals
  4 bats
  A frilled lizard (D:2)
  5 kobolds
  4 rats
193 creatures vanquished.

Vanquished Creatures (collateral kills)
  A cyclops (D:11)
  A komodo dragon (D:11)
  A merfolk (D:12)
  2 hippogriffs
  A vampire (D:13)
  A shadow (D:12)
  A yak (D:11)
  A hungry ghost (D:8)
  A warg (Orc:2)
  An acid dragon (D:11)
  3 orc warriors
  A wolf (Gauntlet)
  An ogre (D:8)
  2 phantoms
  2 bullfrogs
  A scorpion (D:11)
  3 wights
  A centaur zombie (D:6)
  A jelly (D:6)
  An orc wizard (D:8)
  A worker ant (D:4)
  A howler monkey skeleton (D:6)
  2 adders
  A shadow imp (D:12)
  6 orcs
  2 jackals
  2 bats (D:10)
  A frilled lizard (D:5)
  A leopard gecko skeleton (D:5)
  A fungus (D:10)
45 creatures vanquished.

Vanquished Creatures (others)
  5 battlemagi
  3 ancestors
  A fungus (D:10)
9 creatures vanquished.

Grand Total: 247 creatures vanquished

Notes
Turn   | Place    | Note
-------+----------+-------------------------------------------
     0 | D:1      | ivs the Minotaur Gladiator began the quest for the Orb.
     0 | D:1      | Reached XP level 1. HP: 18/18 MP: 0/0
   100 | D:2      | Reached skill level 4 in Maces & Flails
   100 | D:2      | Reached XP level 2. HP: 20/25 MP: 1/1
   202 | D:3      | Reached XP level 3. HP: 29/30 MP: 2/2
   347 | D:1      | Reached skill level 5 in Maces & Flails
   517 | D:2      | Noticed a sky beast
   541 | D:2      | Killed a sky beast
   541 | D:2      | Reached skill level 6 in Maces & Flails
   541 | D:2      | Reached XP level 4. HP: 18/37 MP: 3/3
   541 | D:2      | Reached XP level 5. HP: 20/42 MP: 4/4
   644 | D:4      | Found a staircase to the Ecumenical Temple.
   654 | Temple   | Entered the Ecumenical Temple
   670 | Temple   | Became a worshipper of Hepliaklqana the Forgotten
   703 | D:4      | Noticed Edmund
   733 | D:4      | Killed Edmund
   733 | D:4      | Reached skill level 7 in Maces & Flails
   733 | D:4      | Reached XP level 6. HP: 27/45 MP: 5/5
   756 | D:5      | Entered Level 5 of the Dungeon
   815 | D:4      | Noticed Menkaure
   919 | D:5      | Reached skill level 8 in Maces & Flails
   992 | D:5      | Gained mutation: Your magical capacity is low. (-10% MP)
                  | [potion of mutation]
   992 | D:5      | Gained mutation: Your muscles are strong. (Str +2) [potion
                  | of mutation]
   993 | D:5      | Lost mutation: Your magical capacity is low. (-10% MP)
                  | [potion of mutation]
   993 | D:5      | Lost mutation: Your muscles are strong. (Str +2) [potion of
                  | mutation]
   993 | D:5      | Gained mutation: Your flesh is cold resistant. (rC+)
                  | [potion of mutation]
   993 | D:5      | Gained mutation: You are partially covered in molten
                  | scales. (AC +2) [potion of mutation]
  1023 | D:5      | Reached XP level 7. HP: 53/54 MP: 6/6
  1271 | D:6      | Reached skill level 5 in Fighting
  1271 | D:6      | Reached skill level 9 in Maces & Flails
  1358 | D:6      | Noticed Prince Ribbit
  1359 | D:6      | Noticed Sigmund
  1367 | D:6      | Reached XP level 8. HP: 62/63 MP: 7/7
  1375 | D:6      | Killed Prince Ribbit
  1375 | D:6      | Reached skill level 10 in Maces & Flails
  1416 | D:6      | Killed Sigmund
  1478 | D:7      | Reached * piety under Hepliaklqana
  1518 | D:7      | Reached skill level 11 in Maces & Flails
  1556 | D:7      | Noticed Harold
  1571 | D:7      | Killed Harold
  1571 | D:7      | Reached skill level 12 in Maces & Flails
  1571 | D:7      | Reached XP level 9. HP: 72/72 MP: 8/8
  1779 | D:7      | Reached skill level 1 in Evocations
  1956 | D:8      | Reached skill level 1 in Armour
  2017 | D:8      | Noticed Psyche
  2029 | D:8      | Killed Psyche
  2029 | D:8      | Reached skill level 13 in Maces & Flails
  2192 | D:8      | Got an ancient quarterstaff
  2203 | D:8      | Identified the cursed +3 quarterstaff of Mufex {elec, rPois
                  | Str+2 Int+4} (You found it on level 8 of the Dungeon)
  2240 | D:9      | Reached skill level 1 in Staves
  2244 | D:9      | Reached XP level 10. HP: 72/79 MP: 11/11
  2297 | D:9      | Found a hide-covered altar of Uskayaw.
  2315 | D:9      | Reached ** piety under Hepliaklqana
  2316 | D:9      | Remembered your ancestor Imgur-Sin as a battlemage
  2366 | D:10     | Entered Level 10 of the Dungeon
  2384 | D:10     | Got a shimmering leather armour
  2427 | D:10     | Identified the cursed +0 leather armour "Izyur" {rC++
                  | Int-2} (You found it on level 10 of the Dungeon)
  2464 | D:10     | Found a staircase to the Orcish Mines.
  2613 | D:11     | Noticed a cyclops
  2626 | D:11     | Killed a cyclops
  2649 | D:11     | Noticed a cyan ugly thing
  2661 | D:11     | Killed a cyan ugly thing
  2744 | D:11     | Reached skill level 14 in Maces & Flails
  2779 | D:11     | Noticed a two-headed ogre
  2837 | D:11     | Reached skill level 5 in Armour
  2837 | D:11     | Reached skill level 5 in Dodging
  2847 | D:11     | Reached skill level 5 in Evocations
  2874 | D:11     | Killed a two-headed ogre
  2874 | D:11     | Reached XP level 11. HP: 48/85 MP: 9/13
  2900 | D:11     | Found a gate leading to a gauntlet.
  2911 | Gauntlet | Entered a Gauntlet
  2911 | Gauntlet | Found a transporter.
  2911 | Gauntlet | Found a transporter.
  2911 | Gauntlet | Found a transporter.
  2922 | Gauntlet | Found a transporter.
  2931 | Gauntlet | Found a transporter.
  2931 | Gauntlet | Found a large runed translucent door.
  2954 | Gauntlet | Found a large runed translucent door.
  2956 | Gauntlet | Found a large runed translucent door.
  2956 | Gauntlet | Found a large runed translucent door.
  2956 | Gauntlet | Found a runed translucent door.
  2959 | Gauntlet | Found a runed translucent door.
  2963 | Gauntlet | Found a transporter.
  2963 | Gauntlet | Found a transporter.
  2964 | Gauntlet | Noticed a death scarab
  2978 | Gauntlet | Killed a death scarab
  2994 | Gauntlet | Found a large runed translucent door.
  2994 | Gauntlet | Found a large runed translucent door.
  2994 | Gauntlet | Found a large runed translucent door.
  2994 | Gauntlet | Found a large runed translucent door.
  3014 | Gauntlet | HP: 3/87 [spectral seven-headed hydra (4)]
  3142 | Gauntlet | Found a transporter.
  3144 | Gauntlet | Got an ancient helmet
  3416 | Gauntlet | Identified the +6 long sword "Qiqareitt" {venom, Stlth+}
  3416 | Gauntlet | Noticed a minotaur
  3440 | Gauntlet | HP: 5/130 [minotaur/the +6 long sword "Qiqareitt" {venom,
                  | Stlth+} (4)]
  3441 | Gauntlet | Killed a minotaur
  3442 | Gauntlet | HP: 2/130 [poisoned by a minotaur]
  3531 | D:11     | Reached skill level 15 in Maces & Flails
  3638 | D:12     | Noticed a five-headed hydra
  3649 | D:12     | Killed a five-headed hydra
  3746 | D:12     | Found Joduem's Gadget Shoppe.
  3754 | D:12     | Bought a wand of iceblast (11) for 225 gold pieces
  3836 | D:12     | Got a crude hand crossbow
  3837 | D:12     | Identified the +5 hand crossbow of Domination {freeze,
                  | rElec rC- Str+2 Stlth+} (You found it on level 12 of the
                  | Dungeon)
  4097 | D:10     | Found Kawurixt's Magic Scroll Boutique.
  4105 | D:10     | Bought a scroll of summoning for 133 gold pieces
  4105 | D:10     | Bought a scroll of identify for 28 gold pieces
  4210 | D:9      | Reached *** piety under Hepliaklqana
  4291 | D:8      | Found Vopauz's Jewellery Emporium.
  4381 | D:8      | Found a basalt altar of Yredelemnul.
  4381 | D:8      | Found an ancient bone altar of Kikubaaqudgha.
  4629 | D:9      | Reached skill level 10 in Fighting
  4733 | Orc:1    | Entered Level 1 of the Orcish Mines
  4871 | Orc:1    | Found Corirphua's Weapon Emporium.
  4915 | Orc:2    | Entered Level 2 of the Orcish Mines
  4917 | Orc:2    | Reached XP level 12. HP: 62/95 MP: 15/15
  4969 | Orc:1    | Noticed a stone giant
  5000 | Orc:2    | Found a roughly hewn altar of Beogh.
  5009 | Orc:2    | Hit by a large rock thrown by a cyclops

Levels and vault maps discovered:
D:1:      minmay_arrival_loop, layout_loops_ring,
          hangedman_abyss_or_decor_stabs, minmay_misc_feat_tower,
          minmay_shallow_snake_nest
D:2:      layout_basic, first_ration
D:3:      layout_loops_ring
D:4:      layout_cave_pools, overflow_temple_1_default,
          minmay_temple_entry_gardened_gates, serial_shops, shop,
          cheibrodos_sewer_entry_sluice, minmay_circle_x, uniq_pikel,
          uniq_menkaure, uniq_eustachio, uniq_robin, uniq_grinder, uniq_edmund
D:5:      minmay_evil_eye, layout_basic, nicolae_overflow_hidden_temple
D:6:      minmay_spotlight, layout_cave_pools, uniq_sigmund, uniq_prince_ribbit1
D:7:      layout_layer_cave, minmay_between, uniq_harold
D:8:      layout_layer_cave, minitemple, lair_entry_dummy, serial_shops,
          kennysheep_little_box, uniq_psyche
D:9:      layout_basic, eat_drink_and_be_merry_uskayaw,
          chequers_temple_overflow_minitemple
D:10:     old_forge, layout_rooms, orc_0_dummy, serial_shops, shop
D:11:     layout_loops_cross, gauntlet_entry_generic
D:12:     layout_loops_ring, serial_shops, shop, shop, basic_altar,
          hangedman_fish_farm
D:13:     layout_cave_pools, grunt_vaults_entry_tiered,
          minmay_misc_feat_nine_boxes, kennysheep_cluttered_room,
          serial_bayou_lake_a
Temple:   chequers_temple_sunken
Orc:1:    layout_caves, serial_shops, nicolae_shop_waterfront
Orc:2:    st_orc_congregation, layout_diamond_mine, biasface_ghost_orc_armoury,
          basic_altar, nicolae_orc_lost_temple

Skill      XL: |  1  2  3  4  5  6  7  8  9 10 11 |
---------------+----------------------------------+-----
Maces & Flails | 4 6 7 8 9 12 13 14 15 | 15.3
Throwing       | 3 |  3.4
Fighting       | 3 4 5 8 10 | 10.3
Evocations     | 3 5 6 |  6.0
Armour         | 3 5 7 |  7.7
Staves         | 1 4 |  4.0
Dodging        | 5 7 |  7.4

Action                   |  1- 3 |  4- 6 |  7- 9 | 10-12 || total
-------------------------+-------+-------+-------+-------++-------
Melee: Flail             |    58 |    59 |   104 |       ||   221
       Headbutt          |    10 |    11 |    40 |    76 ||   137
       Morningstar       |       |       |    52 |       ||    52
       Quarterstaff      |       |       |    13 |    52 ||    65
       Dire flail        |       |       |       |   338 ||   338
Throw: Throwing net      |     5 |       |     5 |     1 ||    11
       Dart              |       |       |    30 |    24 ||    54
       Javelin           |       |       |     3 |     7 ||    10
Invok: Ancestor Identity |       |       |     2 |       ||     2
       Recall Ancestor   |       |       |       |     2 ||     2
       Ancestor Life: Ba |       |       |       |     1 ||     1
Evoke: Wand              |       |       |     1 |       ||     1
       Lightning rod     |       |       |       |     2 ||     2
  Use: Scroll            |       |     3 |     3 |     8 ||    14
       Potion            |       |     2 |     2 |    11 ||    15
 Stab: Held in net/web   |     1 |       |       |       ||     1
       Distracted        |       |     2 |     1 |     2 ||     5
       Paralysed         |       |       |     1 |       ||     1
       Invisible         |       |       |       |     1 ||     1
  Eat: Chunk             |       |       |     6 |     6 ||    12
       Ration            |       |       |       |     1 ||     1
Armor: Leather armour    |     2 |       |       |       ||     2
       Plate armour      |    30 |    25 |    93 |     5 ||   153
       Chain mail        |       |       |       |   148 ||   148
       Skin              |       |       |       |     8 ||     8
Dodge: Dodged            |    19 |    19 |    56 |   148 ||   242

Table legend:
 A = Non-vault XP
 B = Vault XP
 C = Vault XP percentage of total XP
 D = Non-vault monster count
 E = Vault monster count
 F = Vault count percentage of total count
                 A         B        C        D         E       F
            +---------+---------+-------+---------+---------+-------
      Total |   16338 |    6173 |  27.4 |     211 |      26 |  11.0
            +---------+---------+-------+---------+---------+-------
        D:1 |      25 |       2 |   7.4 |      11 |       1 |   8.3
        D:2 |     157 |       0 |   0.0 |       9 |       0 |   0.0
        D:3 |      32 |       0 |   0.0 |       9 |       0 |   0.0
        D:4 |      90 |     166 |  64.8 |       4 |       1 |  20.0
        D:5 |     338 |       0 |   0.0 |      13 |       0 |   0.0
        D:6 |     672 |     486 |  42.0 |      13 |       2 |  13.3
        D:7 |     587 |    1106 |  65.3 |      10 |       4 |  28.6
        D:8 |    1823 |     404 |  18.1 |      36 |       1 |   2.7
        D:9 |    1357 |       0 |   0.0 |      16 |       0 |   0.0
       D:10 |    1361 |     116 |   7.9 |      22 |       7 |  24.1
       D:11 |    5279 |       0 |   0.0 |      28 |       0 |   0.0
       D:12 |    2613 |     313 |  10.7 |      15 |       1 |   6.2
       D:13 |     220 |       0 |   0.0 |       1 |       0 |   0.0
      Orc:1 |    1049 |       0 |   0.0 |      16 |       0 |   0.0
      Orc:2 |     735 |       0 |   0.0 |       8 |       0 |   0.0
   Gauntlet |       0 |    3580 | 100.0 |       0 |       9 | 100.0
            +---------+---------+-------+---------+---------+-------
